 Dungeon Crawl Stone Soup version 0.23.2-11-gf996548c65 (webtiles) character file.

Game seed: 6693206351053909510

70 MalarOregon the Skirmisher (level 4, -1/40 HPs)
             Began as a Ghoul Monk on June 4, 2019.
             Slain by a worm (12 damage)
             ... on level 2 of the Dungeon.
             The game lasted 00:02:35 (1305 turns).

MalarOregon the Skirmisher (Ghoul Monk)             Turns: 1305, Time: 00:02:35

Health: -1/40      AC:  5    Str: 14    XL:     4   Next: 22%
Magic:  3/3        EV: 12    Int:  6    God:
Gold:   109        SH:  0    Dex: 11    Spells: 3/3 levels left

rFire    . . .     SeeInvis .   a - +0 mace
rCold    + . .     Gourm    .   (no shield)
rNeg     + + +     Faith    .   f - +0 robe (curse)
rPois    ∞         Spirit   .   (no helmet)
rElec    .         Reflect  .   (no cloak)
rCorr    .         Harm     .   (no gloves)
MR       .....                  d - +2 pair of boots
Stlth    ++........             (no amulet)
HPRegen  0.00/turn              j - ring of wizardry
MPRegen  0.08/turn              (no ring)

@: rotting, drained
A: rotting body, claws 1, carnivore, cold resistance 1, negative energy
resistance 3, inhibited regeneration, torment resistance, unbreathing
a: no special abilities


You were on level 2 of the Dungeon.
You were not hungry.

You visited 1 branch of the dungeon, and saw 2 of its levels.

You collected 109 gold pieces.

Inventory:

Hand Weapons
 a - a +0 mace (weapon)
 i - a +0 flail
   (You took it off a gnoll on level 2 of the Dungeon)
Armour
 d - a +2 pair of boots (worn)
   (You found it on level 1 of the Dungeon)
 f - a cursed +0 robe (worn)
   (You found it on level 1 of the Dungeon)
Jewellery
 j - a ring of wizardry (left claw)
   (You found it on level 1 of the Dungeon)
Scrolls
 b - a scroll of enchant armour {unknown}
 g - a scroll of teleportation {unknown}
 h - a scroll of identify {unknown}
 k - a scroll of magic mapping {unknown}
 l - a scroll of blinking {unknown}
Comestibles
 e - 4 rations {!d}


   Skills:
 + Level 3.9(2.8) Fighting
 + Level 3.2(2.1) Maces & Flails
 + Level 3.2(2.1) Dodging
 + Level 3.2(2.1) Stealth


You had 3 spell levels left.
You didn't know any spells.
Your spell library was empty.

Dungeon Overview and Level Annotations

Branches:
Dungeon (2/15)

Altars:


Innate Abilities, Weirdness & Mutations

Your body is rotting away.
You thrive on raw meat.
You are immune to poison.
You have sharp fingernails.
You are carnivorous and can eat meat at any time.
Your flesh is cold resistant. (rC+)
You are immune to negative energy. (rN+++)
You do not regenerate when monsters are visible.
You are immune to unholy pain and torment.
You can survive without breathing.


Message History

You hit the dart slug. The gnoll closely misses you.
The dart slug bites you but does no damage.
You thump the dart slug!
You kill the dart slug!
The gnoll barely misses you.
The kobold throws a stone.
The stone completely misses you.
You hit the gnoll.
You kill the gnoll!
A worm comes into view.
The kobold hits you but does no damage.
You see here a +0 flail.
i - a +0 flail The kobold hits you with a +0 short sword.
* * * LOW HITPOINT WARNING * * *
You hit the kobold. The kobold barely misses you.
You closely miss the kobold. The kobold closely misses you.
The kobold hits you but does no damage.
You barely miss the kobold.
The kobold hits you with a +0 short sword.
* * * LOW HITPOINT WARNING * * *
You closely miss the kobold. The kobold barely misses you.
You barely miss the kobold. The kobold misses you.
You hit the kobold but do no damage.
The kobold hits you with a +0 short sword.
* * * LOW HITPOINT WARNING * * *
The kobold barely misses you.
You hit the kobold. The kobold barely misses you. The worm bites you.
* * * LOW HITPOINT WARNING * * *
Eat one of 2 chunks of flesh? (ye/n/q)
You eat one of the 2 chunks of flesh.
This raw flesh tastes great!
The kobold hits you but does no damage.
Eat a chunk of flesh? (ye/n/q)
You eat the chunk of flesh.
This raw flesh tastes great!
The kobold misses you.
You barely miss the kobold. The kobold closely misses you.
You hit the kobold but do no damage. The kobold closely misses you.
The worm bites you.
* * * LOW HITPOINT WARNING * * *
The kobold barely misses you. The kobold closely misses you.
The kobold barely misses you.
You barely miss the kobold. The kobold closely misses you.
You barely miss the kobold. The kobold closely misses you.
You hit the kobold.
You kill the kobold!
The worm bites you.
* * * LOW HITPOINT WARNING * * *
Things that are here:
a +0 short sword; a kobold corpse You butcher the kobold corpse.
The worm bites you!
You die...

#....<..#.####.##.##.#
#.........#..#.##.##)#
#.....#.###..#.##.##.#
#.........#..#.##....#
#####.#.#.#..#.#######
#.#.#.#..#.#
#.#.#.#..#.#
#.#.#.#....#
.#.#@##.####
.#.#w#.....#
.#.#.......# .
.#.#...?...# ...
.#<#....#.##
.....###.#.#.(#.#.#
.......<....).#.#.#
..........###.#.#.#
................#


You could see a worm.

Vanquished Creatures
  3 gnolls (D:2)
  A worm (D:2)
  3 dart slugs
  2 leopard geckos (D:1)
  A giant cockroach (D:1)
  2 goblins (D:1)
  4 hobgoblins
  4 bats
  5 frilled lizards
  3 kobolds
  9 rats
37 creatures vanquished.

Notes
Turn   | Place    | Note
-------+----------+-------------------------------------------
     0 | D:1      | MalarOregon the Ghoul Monk began the quest for the Orb.
     0 | D:1      | Reached XP level 1. HP: 19/19 MP: 0/0
   182 | D:1      | Reached XP level 2. HP: 25/26 MP: 1/1
   640 | D:1      | Reached XP level 3. HP: 27/31 MP: 2/2
  1265 | D:2      | Reached XP level 4. HP: 37/40 MP: 3/3
  1305 | D:2      | Slain by a worm

Skill      XL: |  1  2  3 |
---------------+----------+-----
Maces & Flails | 3 |  3.2
Dodging        | 3 |  3.2
Stealth        | 3 |  3.2
Fighting       | |  3.9

Action                   |  1- 3 |  4- 6 || total
-------------------------+-------+-------++-------
Melee: Mace              |   103 |    25 ||   128
  Use: Potion            |     1 |       ||     1
 Stab: Sleeping          |     7 |       ||     7
  Eat: Chunk             |     4 |     2 ||     6
Armor: Robe              |    35 |     8 ||    43
Dodge: Dodged            |    84 |    27 ||   111
